 Dungeon Crawl Stone Soup version 0.17-a0-2171-ga91b4ec (webtiles) character file.

463 kroki the Cutter (level 7, -10/34 HPs)
             Began as a Vine Stalker Gladiator on Oct 25, 2015.
             Was a Follower of Nemelex Xobeh.
             Mangled by an ogre
             ... wielding a +0 giant club
              (17 damage)
             ... on level 4 of the Dungeon.
             The game lasted 00:07:33 (3788 turns).

kroki the Cutter (Vine Stalker Gladiator)           Turns: 3788, Time: 00:07:34

Health: -10/34     AC: 14    Str: 18    XL:     7   Next: 7%
Magic:  0/11       EV:  6    Int:  8    God:    Nemelex Xobeh [*.....]
Gold:   183        SH:  0    Dex: 16    Spells: 0 memorised, 6 levels left

rFire  . . .     SeeInvis .     a - +0 rapier
rCold  . . .     Clarity  .     y - +0 plate armour
rNeg   . . .     SustAt   +     (no shield)
rPois  .         Gourm    .     c - +0 helmet
rElec  .         Spirit   +     s - +1 cloak
rCorr  .         Warding  .     q - +0 pair of gloves
rMut   .         Stasis   .     (no boots)
MR     .....                    (no amulet)
Stlth  ..........               (no ring)
                                l - ring of sustain attributes

@: not resistant to hostile enchantments, extremely unstealthy
A: fangs 2, regeneration 2, magic shield, antimagic bite, no device heal 3, rot
immunity
a: Renounce Religion


You were on level 4 of the Dungeon.
You worshipped Nemelex Xobeh.
Nemelex Xobeh was aware of your devotion.
You were full.

You visited 1 branch of the dungeon, and saw 4 of its levels.
You also visited: Sewer.

You collected 207 gold pieces.

Inventory:

Hand Weapons
 a - a +0 rapier (weapon)
Missiles
 d - 3 throwing nets {=f, !d}
Armour
 c - a +0 helmet (worn)
 m - a +3 ring mail
   (You found it on level 1 of the Dungeon)
 q - a +0 pair of gloves (worn)
   (You found it on level 3 of the Dungeon)
 s - a +1 cloak (worn)
   (You found it on level 3 of the Dungeon)
 y - a +0 plate armour (worn)
   (You found it on level 4 of the Dungeon)
Jewellery
 l - a ring of sustain attributes (left hand)
   (You found it on level 1 of the Dungeon)
 o - an uncursed ring of fire {rF+, rC-}
   (You found it on level 2 of the Dungeon)
Scrolls
 f - a scroll of remove curse
 g - a scroll of immolation {!r}
 r - 3 scrolls of teleportation
 v - a scroll of fear
 A - a scroll of recharging
Potions
 b - a potion of brilliance {unknown}
 h - a potion of heal wounds {unknown}
 j - 5 potions of curing {unknown}
 k - a potion of haste {unknown}
 p - a potion of cure mutation {unknown}
 u - 2 potions of magic {unknown}
 w - 2 potions of flight {unknown}
 x - a potion of poison {unknown}
 z - a potion of degeneration {unknown}
 C - a potion of berserk rage {unknown}
 E - a potion of might {unknown}
Miscellaneous
 B - a plain deck of escape {drawn: 7}
   (Nemelex Xobeh gifted it to you on level 3 of the Dungeon)
Comestibles
 e - 4 bread rations {@e1}
 i - 3 fruits
 n - a beef jerky
 t - a meat ration {@e2}


   Skills:
 - Level 1.7 Fighting
 + Level 5.5 Short Blades
 - Level 1.7 Throwing
 - Level 2.4 Dodging
 * Level 4.1 Evocations


You had 6 spell levels left.
You didn't know any spells.

Dungeon Overview and Level Annotations

Branches:
Dungeon (4/15)
 Temple: D:4-7

Altars:
Dithmenos
Elyvilon
Nemelex Xobeh


Innate Abilities, Weirdness & Mutations

You have extremely sharp teeth.
You heal very quickly.
When hurt, damage is shared between your health and your magic reserves.
Your bite disrupts and absorbs the magic of your enemies.
Potions and wands cannot restore your health.
You are immune to rotting.


Message History

You puncture the jackal!
You kill the jackal!
You closely miss the jackal. Your bite misses the jackal. The jackal bites you.
You take 1 damage, and have 29/30 hp.
You miss the jackal. Your bite misses the jackal.
The jackal bites you but does no damage. x2
Health restored: 30 You closely miss the jackal.
You bite the jackal. You drain its power.
The jackal bites you but does no damage.
You miss the jackal.
The jackal bites you but does no damage.
You closely miss the jackal.
The jackal bites you but does no damage. x2
You hit the jackal.
You kill the jackal!
Things that are here:
a jackal corpse x2
All of the chunks of flesh in your inventory have rotted away.
An ogre comes into view. It is wielding a giant club.
The ogre shouts!
The ogre moves out of view.
Found a shadowy altar of Dithmenos.
The ogre is too close now for your liking.
An ogre is nearby!
An ogre is nearby!
An ogre is nearby!
You draw a card...
It is the Banshee.
The ogre is drained!
The ogre looks frightened!
You hit the ogre.
Your attack snaps the ogre out of its fear.
The ogre barely misses you.
You hit the ogre. You bite the ogre, but do no damage.
The ogre hits you with a giant club!
You take 12 damage, and have 18/30 hp.
MASSIVE DAMAGE!!
You now have 5/9 mp.
You draw a card...
It is the Alchemist.
You feel better. 24 of your gold pieces vanish!
Health restored: 30 You hit the ogre.
You bite the ogre, but do no damage. The ogre hits you with a giant club!
You take 7 damage, and have 23/30 hp.
MASSIVE DAMAGE!!
You now have 4/9 mp.
You hit the ogre.
You kill the ogre!
Your Evocations skill increases to level 4!
You have reached level 7!
You regained 4 hp, and now have 27/34 hp.
C - a fuming clear potion You regained 3 hp, and now have 30/34 hp.
Found a stone staircase leading down.
Health restored: 34 You regained 2 mp, and now have 7/11 mp.
Found an escape hatch in the ceiling.
There is an escape hatch in the ceiling here.
There is an escape hatch in the ceiling here.
You now have 183 gold pieces (gained 5).
An ogre comes into view. It is wielding a giant club.
The ogre shouts!
The ogre moves out of view.
MP restored: 11 The ogre is too close now for your liking.
An ogre is nearby!
A hound comes into view.
You draw a card...
It is Swap.
You swap places with the ogre.
The hound barks!
The hound bites you but does no damage.
You draw a card...
It is Swap.
You swap places with the hound.
The hound completely misses you. The hound closely misses you.
The ogre barely misses you.
You draw a card...
It is the Elixir.
The hound barely misses you.
You hit the ogre. Your bite misses the ogre. The hound bites you.
The ogre barely misses you. The hound bites you.
You take 4 damage, and have 30/34 hp.
You hit the ogre. You bite the ogre. You drain its power. The hound bites you.
The ogre hits you with a giant club!!
You take 13 damage, and have 17/34 hp.
MASSIVE DAMAGE!!
You now have 5/11 mp.
You hit the ogre but do no damage. You bite the ogre. You drain its power.
You feel invigorated. The hound bites you but does no damage.
You regained 3 hp, and now have 20/34 hp.
You regained 2 mp, and now have 7/11 mp.
Unknown command.
You hit the ogre. The hound bites you but does no damage.
The ogre hits you with a giant club!
* * * LOW HITPOINT WARNING * * *
You take 12 damage, and have 8/34 hp.
MASSIVE DAMAGE!!
You now have 3/11 mp.
The hound bites you but does no damage. The hound bites you.
* * * LOW HITPOINT WARNING * * *
You take 3 damage, and have 6/34 hp.
You draw a card...
It is the Shaft.
A shaft materialises beneath you! The hound barely misses you.
The ogre hits you with a giant club!!
Ouch! That really hurt!
You die...
Your body glows slightly and disappears.

#.# #.# #.# #.##
#.####..#############
#...................#
#######..##########.#
..........# #.#
###########.......### #.#
...............O...># #.#
###########....h@.#.###.#
#...# #...........#.# #...#
#..#.#........#
##...######..#.#.##.#.###
.....'.........#.##.#.########
##...#########...##.#.........
#........... ##..##.##########
#.########## #..##.# #.#
##.##.#


You could see an ogre and a hound.

Vanquished Creatures
  An ogre (D:4)
  A big kobold (Sewer)
  An iguana (D:4)
  A sheep (D:3)
  11 adders
  4 river rats (Sewer)
  An ufetubus (D:3)
  6 oozes
  4 worms
  A giant gecko (D:2)
  5 orcs
  3 giant cockroaches
  6 goblins
  4 hobgoblins
  11 jackals
  2 ball pythons (D:3)
  10 bats
  3 giant newts
  13 kobolds
  15 rats
103 creatures vanquished.

Vanquished Creatures (collateral kills)
  A worm (D:2)
  A hobgoblin (D:2)
2 creatures vanquished.

Grand Total: 105 creatures vanquished

Notes
Turn   | Place    | Note
--------------------------------------------------------------
     0 | D:1      | kroki the Vine Stalker Gladiator began the quest for the Orb.
     0 | D:1      | Reached XP level 1. HP: 11/11 MP: 2/2
    98 | D:1      | Reached skill level 3 in Short Blades
   170 | D:1      | Reached XP level 2. HP: 9/15 MP: 3/3
   725 | D:1      | Reached XP level 3. HP: 18/18 MP: 4/4
  1274 | D:2      | Reached skill level 4 in Short Blades
  1351 | D:2      | Found a white marble altar of Elyvilon.
  1383 | D:2      | Reached XP level 4. HP: 11/23 MP: 2/5
  1533 | D:2      | Found a sparkling altar of Nemelex Xobeh.
  1545 | D:2      | Became a worshipper of Nemelex Xobeh the Trickster
  1722 | D:2      | Received a gift from Nemelex Xobeh
  1737 | D:2      | Reached skill level 1 in Evocations
  2086 | D:3      | Reached XP level 5. HP: 21/26 MP: 6/6
  2136 | D:3      | Reached skill level 2 in Evocations
  2165 | D:3      | Reached * piety under Nemelex Xobeh
  2335 | D:3      | Found a glowing drain.
  2345 | Sewer    | Entered a sewer
  2428 | Sewer    | Reached skill level 5 in Short Blades
  2669 | Sewer    | Gained mutation: You heal very quickly. [Vine Stalker growth]
  2669 | Sewer    | Reached XP level 6. HP: 26/30 MP: 6/9
  2756 | Sewer    | Reached skill level 3 in Evocations
  3218 | D:3      | Received a gift from Nemelex Xobeh
  3680 | D:4      | Found a shadowy altar of Dithmenos.
  3690 | D:4      | Reached skill level 4 in Evocations
  3690 | D:4      | Reached XP level 7. HP: 26/34 MP: 4/11
  3783 | D:4      | HP: 8/34 [ogre/giant club (13)]
  3788 | D:4      | Mangled by an ogre

Vault maps used:
D:1:      dpeg_arrival_simpleton_a, fountainhead
D:2:      overflow_temple_1_default, nemelex_dance_club_becter
D:3:      first_bread, portal_sewer_entry_e
D:4:      nicolae_dithmenos_through_a_glass_darkly, uniq_menkaure
Sewer:    sewer_co_15_rooms

Action                   |  1- 3 |  4- 6 |  7- 9 || total
-------------------------+-------+-------+-------++-------
Melee: Rapier            |   109 |   267 |     4 ||   380
Evoke: Deck              |       |    12 |     4 ||    16
  Use: Scroll            |     3 |     8 |       ||    11
  Eat: Chunk             |     1 |     4 |       ||     5
       Fruit             |     1 |       |       ||     1

Vault maps used:
D:1:      dpeg_arrival_simpleton_a, fountainhead
D:2:      overflow_temple_1_default, nemelex_dance_club_becter
D:3:      first_bread, portal_sewer_entry_e
D:4:      nicolae_dithmenos_through_a_glass_darkly, uniq_menkaure
Sewer:    sewer_co_15_rooms

Table legend:
 A = Turns spent in this place as a percentage of turns spent in the entire game.
 B = Non-inter-level travel turns spent in this place as a percentage of non-inter-level travel turns spent in the entire game.
 C = Inter-level travel turns spent in this place as a percentage of turns spent in this place.
 D = Turns resting spent in this place as a percentage of non-inter-level travel turns spent in this place.
 E = Turns spent auto-exploring this place as a percentage of non-inter-level travel turns spent in this place.
 F = Non-inter-level travel turns spent in this place divided by the number of levels of this place that you've seen.
                   A       B       C       D       E      F
               +-------+-------+-------+-------+-------+----------------------
         Total | 100.0 | 100.0 |   0.4 |   0.7 |   6.0 | 413.4
       Dungeon |  84.6 |  84.5 |   0.5 |   0.7 |   6.0 | 436.8
         Sewer |  15.4 |  15.5 |   0.0 |   0.6 |   6.2 | 320.0
               +-------+-------+-------+-------+-------+----------------------

Table legend:
 A = Kills in this place as a percentage of kills in entire the game.
 B = Kills by you in this place as a percentage of kills by you in the entire game.
 C = Kills by friends in this place as a percentage of kills by friends in the entire game.
 D = Other kills in this place as a percentage of other kills in the entire game.
 E = Experience gained in this place as a percentage of experience gained in the entire game.
 F = Experience gained in this place divided by the number of levels of this place that you have seen.
                   A       B       C       D       E      F
               +-------+-------+-------+-------+-------+----------------------
         Total | 100.0 | 100.0 | 100.0 |  -nan | 100.0 | 132.4
       Dungeon |  84.8 |  84.5 | 100.0 |  -nan |  66.8 | 110.5
         Sewer |  15.2 |  15.5 |   0.0 |  -nan |  33.2 | 220.0
               +-------+-------+-------+-------+-------+----------------------
